 Dungeon Crawl Stone Soup version 0.17-a0-1519-g2001520 (webtiles) character file.

10952 Redz the Summoner (level 12, 0/73 HPs)
             Began as a Kobold Summoner on July 12, 2015.
             Was a Believer of Sif Muna.
             Slain by an eight-headed hydra (8 damage)
             ... on level 12 of the Dungeon on July 13, 2015.
             The game lasted 01:49:48 (16484 turns).

Redz the Summoner (Kobold Summoner)                Turns: 16484, Time: 01:49:50

Health: 0/73       AC: 11    Str:  6      XL:     12   Next: 1%
Magic:  15/20      EV: 23    Int: 20 (21) God:    Sif Muna [**....]
Gold:   189        SH:  0    Dex: 20      Spells: 6 memorised, 5 levels left

rFire  . . .     SeeInvis .     N - +2 dagger (venom)
rCold  . . .     Clarity  .     A - +1 robe {rN+}
rNeg   + . .     SustAt   .     (shield restricted)
rPois  .         Gourm    .     P - +0 helmet
rElec  .         Spirit   .     n - +2 cloak
rCorr  .         Warding  .     w - +0 pair of gloves
rMut   .         Stasis   .     (no boots)
MR     +....                    (no amulet)
Stlth  ++++......               J - ring of Kikubaaqudgha's Pride {Wiz MR+ Str-3 Dex+3}
                                z - +4 ring of intelligence

@: somewhat resistant to hostile enchantments, stealthy
A: thin metallic scales 1, carnivore 3, low mp 1, strong 1
a: Channel Energy, Forget Spell, Renounce Religion


You were on level 12 of the Dungeon.
You worshipped Sif Muna.
Sif Muna was pleased with you.
You were very full.

You visited 2 branches of the dungeon, and saw 13 of its levels.

You collected 785 gold pieces.
You spent 596 gold pieces at shops.

Inventory:

Hand weapons
 r - a +3 dagger of holy wrath
 C - a +0 hand crossbow
 N - a +2 dagger of venom (weapon)
Missiles
 l - 10 steel bolts
 v - 73 bolts
Armour
 n - a +2 cloak (worn)
 w - a +0 pair of gloves (worn)
 A - a +1 robe of positive energy (worn)
 P - a +0 helmet (worn)
Jewellery
 j - an uncursed amulet of stasis
 k - a cursed -2 ring of dexterity {unknown}
 z - a +4 ring of intelligence (left hand)
 E - an uncursed ring of sustain attributes
 G - an uncursed ring of see invisible
 J - the ring of Kikubaaqudgha's Pride (right hand) {Wiz MR+ Str-3 Dex+3}
   (You bought it in a shop on level 7 of the Dungeon)

   [ring of wizardry]

   It improves your spell success rate.
   It affects your strength (-3).
   It affects your dexterity (+3).
   It affects your resistance to hostile enchantments.
 M - an uncursed ring of protection from fire {unknown}
Magical devices
 a - a wand of polymorph (12)
 y - a wand of random effects (27)
 B - a wand of frost (21)
 D - a wand of confusion (27)
 I - a wand of paralysis (9)
Scrolls
 e - 2 scrolls of enchant weapon
 f - 20 scrolls of identify
 o - 3 scrolls of magic mapping
 p - 7 scrolls of remove curse
 q - 3 scrolls of teleportation
 x - a scroll of blinking
 K - a scroll of immolation
Potions
 d - a potion of agility
 g - a potion of ambrosia
 h - 3 potions of invisibility
 m - a potion of haste
 s - a potion of brilliance
 F - 2 potions of magic
 H - a potion of resistance {unknown}
 L - a potion of curing
Books
 b - a book of Callings

   Spells                             Type                      Level
   a - Summon Small Mammal            Summoning                    1
   b - Call Imp                       Summoning                    2
   c - Call Canine Familiar           Summoning                    3
   d - Summon Guardian Golem          Hexes/Summoning              3
   e - Summon Lightning Spire         Summoning/Air                4
   f - Summon Ice Beast               Ice/Summoning                4
Comestibles
 c - 4 meat rations
 i - a slice of pizza
 u - 4 beef jerkies


   Skills:
 + Level 7.9 Fighting
 - Level 6.5 Short Blades
 - Level 5.6 Crossbows
 + Level 4.9 Armour
 + Level 9.1 Dodging
 - Level 5.0 Stealth
 * Level 6.8 Spellcasting
 + Level 9.8 Summonings


You had 5 spell levels left.
You knew the following spells:

 Your Spells              Type           Power        Failure   Level  Hunger
a - Call Canine Familiar  Summ           #####...     1%          3    #......
b - Call Imp              Summ           #####...     1%          2    None
c - Summon Guardian Gole  Hex/Summ       ####....     1%          3    #......
d - Summon Ice Beast      Ice/Summ       ####....     6%          4    ###....
e - Summon Lightning Spi  Summ/Air       ####....     6%          4    ###....
f - Regeneration          Chrm/Necr      #.........   12%         3    #......


Dungeon Overview and Level Annotations

Branches:
Dungeon (12/15)            Temple (1/1) D:6            Lair (0/8) D:11
    Orc: D:9-12

Altars:
Ashenzari
Cheibriados
Dithmenos
Elyvilon
Fedhas
Gozag
Kikubaaqudgha
Makhleb
Nemelex Xobeh
Okawaru
Qazlal
Ru
Sif Muna
Trog
Vehumet
Xom
Yredelemnul
Zin
The Shining One

Shops:
D:6 (   D:7 =

Annotations:
D:7 Joseph
D:10 3 runed doors


Innate Abilities, Weirdness & Mutations

You are small and have problems with some larger weapons.
You are carnivorous and can eat meat at any time.
You are partially covered in thin metallic scales (AC +2).
Your magical capacity is low (-10% MP).
Your muscles are strong. (Str +2)


Message History

Your hound dies!
Your hound's corpse disappears in a puff of smoke!
The eight-headed hydra barely misses you.
The eight-headed hydra bites you!
The eight-headed hydra completely misses you.
The eight-headed hydra bites you!
The eight-headed hydra completely misses you.
The eight-headed hydra bites you!
* * * LOW HITPOINT WARNING * * *
The eight-headed hydra closely misses you.
The eight-headed hydra bites you.
* * * LOW HITPOINT WARNING * * *
Drink which item? (? for menu, Esc to quit)
You feel much better. The eight-headed hydra misses you.
The eight-headed hydra bites you!
The eight-headed hydra barely misses you.
The eight-headed hydra bites you. The eight-headed hydra bites you!
* * * LOW HITPOINT WARNING * * *
The eight-headed hydra bites you!
You die...

#.....#####....#####
#§).................
#..)§.##.###..######
###§_§§.##.###....#
######.[§...###.##...#.#
#......##...# #.#..#...###### #
#......########.#.##........####
#.....>.#####.....#......##.....
#######5^..#..#@###......###....
##.#....#D# #.......##....
#..!##..OF###.........#<..
#...##÷#.....F.J...##.#...
##...............O####.....
##..<.#.......#..### ####.#
#......(.....##..# #.#
####......#..#..#...... ...
#.........(............. ....


You could see an eight-headed hydra, a two-headed ogre and a giant frog.

Vanquished Creatures
  A centaur warrior (D:10)
  Pikel (D:5)
  A cyclops (D:11)
  A hippogriff (D:12)
  4 vampire mosquitoes (D:10)
  The ghost of Noshyer the Chopper, an average HuSk (D:3)
  7 yaks
  2 wolves
  A water moccasin (D:11)
  3 wargs (D:11)
  2 black bears
  2 sky beasts
  A centaur (D:9)
  A phantom (D:5)
  A slave (D:5)
  4 orc warriors
  4 ogres
  4 big kobolds
  A crocodile (D:5)
  4 giant frogs
  5 scorpions
  6 wights
  5 crimson imps
  8 orc wizards
  A giant frog zombie (D:9)
  A wasp zombie (D:9)
  A centaur zombie (D:11)
  3 giant frog skeletons
  5 jellies
  An orc priest (D:9)
  3 hounds
  Jessica (D:3)
  A centaur skeleton (D:11)
  A quasit (D:10)
  6 worker ants
  A killer bee zombie (D:7)
  A sheep (D:12)
  A hound zombie (D:7)
  2 hound skeletons
  2 gnolls (D:4)
  5 adders
  2 shadow imps
  An adder skeleton (D:9)
  An adder zombie (D:9)
  2 worms (D:2)
  14 orcs
  A spectral bat (D:3)
  3 bat skeletons
  A bat zombie (D:3)
  3 fire bats (D:3)
  9 hobgoblins
  11 jackals
  3 quokkas
  2 ball pythons (D:1)
  25 bats
  A bat simulacrum (D:3)
  4 giant cockroaches
  9 giant geckos
  4 giant newts
  7 goblins
  25 kobolds
  A quokka skeleton (D:6)
  2 quokka zombies
  14 rats
  A butterfly (D:6)
252 creatures vanquished.

Vanquished Creatures (collateral kills)
  2 cyclopes
  The ghost of trantor the Archer, an experienced HEHu of Okawaru (D:6)
  An orange crystal statue (D:10)
  A troll (D:12)
  2 two-headed ogres
  A wyvern (D:11)
  10 yaks
  Grum (D:9)
  A hippogriff (D:11)
  A wolf (D:9)
  A warg (D:11)
  A slave (D:5)
  2 phantoms
  A soldier ant (D:12)
  An ice beast (D:5)
  3 black bears
  3 orc warriors (D:11)
  6 sky beasts
  A crocodile (D:11)
  2 centaurs
  A necrophage (D:11)
  An ogre (D:10)
  A big kobold (D:11)
  3 giant frogs
  4 killer bees (D:10)
  A scorpion (D:12)
  A wight (D:10)
  A vampire bat (D:3)
  An electric eel (D:11)
  A jelly (D:11)
  3 iguanas
  6 orc wizards
  Natasha (D:3)
  4 orc priests
  3 worker ants
  A sheep (D:12)
  A hound skeleton (D:8)
  4 adders
  2 gnolls (D:4)
  A shadow imp (D:5)
  A giant gecko (D:7)
  27 orcs
  A spectral bat (D:3)
  6 bats
  3 hobgoblins
  11 jackals
  11 kobolds
  2 quokkas
  A giant newt (D:2)
  2 rats
148 creatures vanquished.

Vanquished Creatures (others)
  A hydra (D:11)
  4 yaks
  An orc warrior (D:11)
  A slave (D:5)
7 creatures vanquished.

Grand Total: 407 creatures vanquished

Notes
Turn   | Place    | Note
--------------------------------------------------------------
     0 | D:1      | Redz the Kobold Summoner began the quest for the Orb.
     0 | D:1      | Reached XP level 1. HP: 10/10 MP: 3/3
   496 | D:1      | Reached XP level 2. HP: 13/15 MP: 5/5
   607 | D:1      | Learned a level 2 spell: Call Imp
   849 | D:1      | Reached skill level 1 in Fighting
  1099 | D:1      | Reached XP level 3. HP: 16/20 MP: 6/6
  1192 | D:2      | Gained mutation: You are partially covered in thin metallic scales (AC +2). [potion of mutation]
  1192 | D:2      | Gained mutation: Your muscles are strong. (Str +2) [potion of mutation]
  1192 | D:2      | Gained mutation: Your magical capacity is low (-10% MP). [potion of mutation]
  1203 | D:2      | Found a sacrificial altar of Ru.
  1605 | D:2      | Learned a level 3 spell: Call Canine Familiar
  1886 | D:2      | Reached XP level 4. HP: 25/25 MP: 3/6
  2063 | D:3      | Noticed Noshyer's ghost (average HuSk)
  2192 | D:3      | Found a basalt altar of Yredelemnul.
  2200 | D:3      | Found an opulent altar of Gozag.
  2200 | D:3      | Found a sparkling altar of Nemelex Xobeh.
  2260 | D:3      | Noticed Natasha
  2355 | D:3      | Noticed Jessica
  2358 | D:3      | Killed Jessica
  2358 | D:3      | Reached XP level 5. HP: 27/30 MP: 8/8
  2480 | D:3      | Killed Noshyer's ghost
  2480 | D:3      | Reached XP level 6. HP: 30/37 MP: 0/9
  2961 | D:3      | Killed Natasha
  3401 | D:4      | Found a shattered altar of Ashenzari.
  3422 | D:4      | Found an ancient bone altar of Kikubaaqudgha.
  3605 | D:4      | Reached XP level 7. HP: 36/42 MP: 4/10
  4181 | D:4      | Reached skill level 5 in Stealth
  4389 | D:4      | Found an iron altar of Okawaru.
  4403 | D:4      | Found a snail-covered altar of Cheibriados.
  4432 | D:4      | Reached skill level 5 in Summonings
  4439 | D:4      | Learned a level 3 spell: Summon Guardian Golem
  4522 | D:5      | Entered Level 5 of the Dungeon
  4569 | D:5      | Reached skill level 1 in Short Blades
  4611 | D:5      | Found a blossoming altar of Fedhas.
  4821 | D:6      | Noticed trantor's ghost (experienced HEHu)
  4828 | D:6      | Reached XP level 8. HP: 40/48 MP: 4/12
  5063 | D:5      | Reached skill level 5 in Dodging
  5181 | D:5      | Noticed a gargoyle
  5211 | D:5      | Noticed Pikel
  5320 | D:5      | Reached skill level 5 in Fighting
  5689 | D:5      | Killed Pikel
  5689 | D:5      | Reached skill level 1 in Armour
  5689 | D:5      | Reached skill level 6 in Summonings
  5718 | D:5      | Reached XP level 9. HP: 49/54 MP: 7/13
  6008 | D:6      | Found a stormy altar of Qazlal.
  6046 | D:6      | Found a staircase to the Ecumenical Temple.
  6063 | Temple   | Entered the Ecumenical Temple
  6205 | Temple   | Became a worshipper of Sif Muna the Loreminder
  6283 | D:6      | Found a basalt altar of Yredelemnul.
  6675 | D:6      | Found Pogiurec's Antique Weapon Boutique.
  6909 | D:7      | Found a sparkling altar of Nemelex Xobeh.
  7032 | D:7      | Found a white marble altar of Elyvilon.
  7033 | D:7      | Found Reczoeli's Jewellery Shoppe.
  7097 | D:7      | Noticed Joseph
  7285 | D:7      | Reached skill level 7 in Summonings
  8108 | D:8      | Reached skill level 5 in Spellcasting
  8316 | D:8      | Reached skill level 5 in Short Blades
  8378 | D:8      | Found an iron altar of Okawaru.
  8852 | D:6      | Killed trantor's ghost
  8852 | D:6      | Acquired Sif Muna's first power
  8852 | D:6      | Reached XP level 10. HP: 53/61 MP: 4/16
  9504 | D:9      | Reached skill level 8 in Summonings
  9618 | D:9      | Noticed Grum
 10931 | D:9      | Killed Grum
 11351 | D:9      | Acquired Sif Muna's second power
 11679 | D:10     | Entered Level 10 of the Dungeon
 11837 | D:10     | Found a stormy altar of Qazlal.
 11857 | D:10     | Reached XP level 11. HP: 64/67 MP: 15/18
 11903 | D:10     | Reached skill level 9 in Summonings
 12228 | D:10     | Found a runed door.
 12228 | D:10     | Noticed a centaur warrior
 12246 | D:10     | Killed a centaur warrior
 12262 | D:10     | Noticed an orange crystal statue
 12294 | D:10     | Found a runed door.
 12470 | D:10     | Found a runed door.
 12884 | D:7      | Bought the ring of Kikubaaqudgha's Pride {Wiz MR+ Str-3 Dex+3} for 596 gold pieces
 12989 | D:10     | Found a runed door.
 13017 | D:10     | Learned a level 4 spell: Summon Ice Beast
 13022 | D:10     | Learned a level 4 spell: Summon Lightning Spire
 13068 | D:10     | Killed an orange crystal statue
 13513 | D:11     | Learned a level 3 spell: Regeneration
 13531 | D:11     | Found a staircase to the Lair.
 13617 | D:11     | Noticed a five-headed hydra
 14072 | D:11     | Reached skill level 1 in Crossbows
 14616 | D:12     | Noticed an eight-headed hydra
 14775 | D:11     | Killed a five-headed hydra
 14932 | D:11     | Noticed a cyclops
 14998 | D:11     | Killed a cyclops
 14998 | D:11     | Reached skill level 5 in Crossbows
 15292 | D:11     | Noticed a cyclops
 15311 | D:11     | Killed a cyclops
 16213 | D:12     | Noticed a cyclops
 16227 | D:12     | Killed a cyclops
 16371 | D:12     | Found a shadowy altar of Dithmenos.
 16410 | D:12     | Reached XP level 12. HP: 73/73 MP: 18/19
 16484 | D:12     | Slain by an eight-headed hydra

Vault maps used:
D:1:      minmay_arrival_solitary_statue
D:2:      overflow_temple_1_default, first_bread
D:3:      grunt_temple_overflow_opulence, lemuel_crystal_altar, glass_columns_a,
          minmay_liquid_box, serial_bayou_pond_c, goddamned_bats, uniq_jessica,
          uniq_natasha
D:4:      nicolae_overflow_quartered_altars, hangedman_decor_lopped
D:5:      fedhas_altar_2, minmay_large_rounded_square, serial_park_tiny_pond,
          uniq_pikel
D:6:      old_standard_altar, minmay_temple_entry_butterflies, serial_shops,
          kennysheep_mini, yredelemnul_altar_generic
D:7:      elyvilon_altar_4, serial_shops, shop,
          nemelex_xobeh_ov_fountains_minmay, uniq_joseph
D:8:      blue_anna_alchemist, minivault_27, okawaru_ov_weapons_minmay
D:9:      st_stairs_4, uniq_grum
D:10:     basic_altar, minmay_statue_crystal_thing
D:11:     lair_0_dummy, nooodl_orcs_dogs
D:12:     orc_0_dummy, grunt_dithmenos_smoke
Temple:   jpeg_temple_alley_garden_8

Action                   |  1- 3 |  4- 6 |  7- 9 | 10-12 || total
-------------------------+-------+-------+-------+-------++-------
Melee: Unarmed           |    17 |       |       |       ||    17
       Dagger            |    11 |       |   562 |   678 ||  1251
       Whip              |   116 |   104 |    20 |       ||   240
 Cast: Summon Small Mamm |    11 |       |       |       ||    11
       Call Imp          |     8 |    10 |    36 |    49 ||   103
       Call Canine Famil |     1 |     8 |    40 |    51 ||   100
       Summon Guardian G |       |       |     4 |    30 ||    34
       Summon Lightning  |       |       |       |    27 ||    27
       Summon Ice Beast  |       |       |       |     7 ||     7
       Regeneration      |       |       |       |     3 ||     3
Evoke: Wand              |       |       |       |     3 ||     3
  Use: Scroll            |     6 |       |     9 |     2 ||    17
       Potion            |     4 |       |     6 |     4 ||    14
 Stab: Sleeping          |     6 |     9 |    28 |    12 ||    55
       Distracted        |     1 |       |     6 |    17 ||    24
  Eat: Chunk             |    10 |     9 |    22 |    33 ||    74
